 Dungeon Crawl Stone Soup version 0.31-a0-788-ga445dbd2db (webtiles) character file.

Game seed: 1733492523831594063

669 CrazyBamboolord the Shield-Bearer (level 7, -1/57 HPs)
             Began as a Formicid Fighter on Sept 18, 2023.
             Killed by nerve-wracking pain
             ... invoked by a shadow imp
              (11 damage)
             ... on level 5 of the Dungeon.
             The game lasted 00:04:26 (3866 turns).

CrazyBamboolord the Shield-Bearer (FoFi)            Turns: 3866, Time: 00:04:27

Health: -1/57      AC:  3    Str: 23    XL:     7   Next: 89%
Magic:  7/7        EV:  9    Int:  7    God:
Gold:   230        SH:  5    Dex: 13    Spells: 6/6 levels left

rFire   + . .        a - +0 war axe
rCold   . . .        c - +0 buckler
rNeg    . . .        b - +0 scale mail
rPois   .            (helmet unavailable)
rElec   .            i - +1 cloak
rCorr   .            e - +0 pair of gloves
SInv    +            (no boots)
Will    .....        (no amulet) Stlth
                     A - ring of protection from fire
HPRegen 0.29/turn    (no ring)
MPRegen 0.10/turn

%: no passive effects
@: corroded
A: permanent stasis, dig shafts and tunnels, antennae 3, four strong arms
a: Dig, Shaft Self


You were on level 5 of the Dungeon.
You visited 1 branch of the dungeon, and saw 5 of its levels.

You collected 230 gold pieces.

Inventory:

Hand Weapons
 a - a +0 war axe (weapon)
Armour
 b - a +0 scale mail (worn)
 c - a +0 buckler (worn)
 e - a +0 pair of gloves (worn)
 i - a +1 cloak (worn)
Jewellery
 A - a ring of protection from fire (left hand)
Wands
 x - a wand of polymorph (6)
 y - a wand of iceblast (11)
Scrolls
 g - a scroll of teleportation {unknown}
 k - a scroll of enchant weapon {unknown}
 l - a scroll of vulnerability {unknown}
 n - a scroll of revelation {unknown}
 q - a scroll of torment {unknown}
 r - a scroll of summoning {unknown}
 s - a scroll of silence {unknown}
 t - a scroll of identify {unknown}
 u - a scroll of acquirement {unknown}
 v - a scroll of enchant armour {unknown}
 z - a scroll of fear {unknown}
 B - a scroll of blinking {unknown}
Potions
 d - a potion of might
 f - a potion of curing
 h - 2 potions of haste
 j - a potion of mutation {unknown}
 m - 2 potions of cancellation {unknown}
 o - a potion of ambrosia {unknown}
 p - a potion of invisibility {unknown}
 w - a potion of brilliance {unknown}


   Skills:
 * Level 5.7 Fighting
 * Level 4.5 Axes
 * Level 5.6 Armour
 + Level 5.8 Shields


You had 6 spell levels left.
You didn't know any spells.
Your spell library contained the following spells:

 Spells                   Type           Power      Damage    Failure   Level
 Sandblast                Erth           0%         2d4       78%         1
 Passwall                 Tmut/Erth      0%         N/A       89%         2
 Stone Arrow              Conj/Erth      0%         3d7       98%         3
 Airstrike                Air            0%         2d(0-16)  100%        4
 Animate Armour           Summ/Erth      0%         N/A       100%        4
 Brom's Barrelling Bould  Conj/Erth      0%         2d3       100%        4
 Malign Gateway           Summ/Tloc      0%         N/A       100%        7


Dungeon Overview and Level Annotations

Branches:
Dungeon (5/15)
 Temple: D:4-7

Altars:
Ashenzari
Nemelex Xobeh
Okawaru
Ru
Yredelemnul

Shops:
D:2 [


Innate Abilities, Weirdness & Mutations

You cannot be hasted, slowed, berserked, paralysed or teleported.
You can dig through walls and to a lower floor.
You have a pair of large antennae on your head. (SInv)
Your four strong arms can wield two-handed weapons with a shield.


Message History

You hit the shadow imp. You closely miss the scorpion.
You block the scorpion's attack. The white imp hits you.
The white imp freezes you. The shadow imp hits you.
You block the scorpion's attack.
You hit the white imp but do no damage.
The white imp is heavily wounded.
You barely miss the scorpion.
You hit the shadow imp but do no damage.
The scorpion stings you.
You are poisoned.
The scorpion poisons you! The white imp gestures at you.
The puff of frost misses you. The shadow imp barely misses you.
Unknown command.
It was a potion of haste.
Your stasis prevents you from being hasted.
You feel very sick. The scorpion stings you.
* * * LOW HITPOINT WARNING * * *
The white imp hits you.
* * * LOW HITPOINT WARNING * * *
The white imp freezes you.
* * * LOW HITPOINT WARNING * * *
The shadow imp barely misses you. The scorpion barely misses you.
Unknown command.
It was a potion of curing.
You feel better. The white imp hits you.
* * * LOW HITPOINT WARNING * * *
The white imp freezes you.
* * * LOW HITPOINT WARNING * * *
The shadow imp hits you.
* * * LOW HITPOINT WARNING * * *
The scorpion stings you.
* * * LOW HITPOINT WARNING * * *
You feel better. The white imp hits you.
* * * LOW HITPOINT WARNING * * *
The white imp freezes you.
* * * LOW HITPOINT WARNING * * *
The shadow imp gestures at you. Pain shoots through your body!
You die...

....#.#.### #.
.......... # #.
...##..... #.#.
##.##.....
#.#.########.........
.....................
######.!...####.........
......5....####.........
......5@................
.∩....s..?.....#.###)###
...............#.# #.#
....###........... #.#
#.# #........#.. #.# #
#......#.#.# #.#
#........# ...
.....#.... .##
.)........#. .


You could see a scorpion, a white imp and a shadow imp.

Vanquished Creatures
  Edmund (D:5)
  A scorpion (D:4)
  A howler monkey (D:4)
  A hound (D:4)
  A jelly (D:5)
  An orc priest (D:3)
  Jessica (D:3)
  Natasha (thrice) (D:3)
  2 orc wizards (D:4)
  Robin (D:2)
  4 adders
  4 gnolls (D:3)
  3 dart slugs
  13 orcs
  9 ball pythons
  8 endoplasms
  2 giant cockroaches
  17 goblins
  9 hobgoblins
  2 jackals (D:1)
  7 quokkas
  15 bats
  2 frilled lizards
  6 kobolds
  4 rats
118 creatures vanquished.

Notes
Turn   | Place    | Note
-------+----------+-------------------------------------------
     0 | D:1      | CrazyBamboolord the Formicid Fighter began the quest for
                  | the Orb.
     0 | D:1      | Reached XP level 1. HP: 18/18 MP: 1/1
    74 | D:1      | Reached XP level 2. HP: 21/24 MP: 2/2
   468 | D:1      | Reached XP level 3. HP: 30/30 MP: 3/3
   983 | D:2      | Found Diffek's Antique Armour Emporium.
   995 | D:2      | Reached XP level 4. HP: 34/37 MP: 4/4
  1110 | D:2      | Found a basalt altar of Yredelemnul.
  1185 | D:2      | Noticed Robin
  1195 | D:2      | Killed Robin
  1397 | D:2      | Got a graven book
  1649 | D:3      | Noticed Natasha
  1659 | D:3      | Killed Natasha
  1660 | D:3      | Reached XP level 5. HP: 22/42 MP: 5/5
  1784 | D:3      | Found a broken altar of Ashenzari.
  1811 | D:3      | Found a sparkling altar of Nemelex Xobeh.
  2049 | D:3      | Reached XP level 6. HP: 30/49 MP: 6/6
  2434 | D:3      | Reached skill level 5 in Shields
  2611 | D:3      | Noticed Jessica
  2613 | D:3      | Killed Jessica
  2674 | D:3      | Noticed Natasha
  2682 | D:3      | Killed Natasha
  2863 | D:3      | Noticed Natasha
  2869 | D:3      | Killed Natasha
  2948 | D:4      | Found an iron altar of Okawaru.
  2962 | D:4      | Reached skill level 5 in Fighting
  2962 | D:4      | Reached skill level 5 in Armour
  2973 | D:4      | Reached XP level 7. HP: 42/56 MP: 7/7
  3062 | D:4      | Found a sacrificial altar of Ru.
  3604 | D:5      | Entered Level 5 of the Dungeon
  3749 | D:5      | Noticed Edmund
  3765 | D:5      | Killed Edmund
  3866 | D:5      | Killed from afar by a shadow imp

Illustrated notes

Levels and vault maps discovered:
D:1:      dpeg_arrival_round_a, layout_basic, minmay_tree_intersection,
          nicolae_titane
D:2:      layout_loops_cross, basic_altar, serial_shops, shop, uniq_robin
D:3:      layout_basic, mainiacjoe_overflow_large_starburst, minmay_cut_off,
          uniq_jessica, uniq_natasha
D:4:      layout_rooms, nicolae_ru_awakened_eye, okawaru_ov_weapons_minmay
D:5:      layout_basic, minmay_temple_entry_antechambers, serial_demonic,
          serial_demonic_f, serial_demonic_a, serial_demonic_b,
          serial_demonic_d, hangedman_decor_lopped, uniq_edmund

Skill      XL: |  1  2  3  4  5  6 |
---------------+-------------------+-----
Fighting       | 4 5 |  5.7
Armour         | 4 5 |  5.6
Axes           | 3 4 |  4.5
Shields        | 5 |  5.8

Action                     |  1- 3 |  4- 6 |  7- 9 || total
---------------------------+-------+-------+-------++-------
  Melee: War axe           |    86 |   174 |    67 ||   327
         Unarmed           |       |     1 |       ||     1
Ability: Dig               |       |     1 |       ||     1
    Use: Potion            |       |       |     3 ||     3
         Scroll            |       |       |     1 ||     1
 Armour: Scale mail        |    78 |   132 |    73 ||   283
  Dodge: Dodged            |    61 |    85 |    47 ||   193
  Block: Buckler           |    32 |    60 |    28 ||   120

Table legend: (Time is in decaauts)
 A = Elapsed time spent in this place.
 B = Non-inter-level travel time spent in this place.
 C = Inter-level travel time spent in this place.
 D = Time resting spent in this place.
 E = Time spent auto-exploring this place.
 F = Levels seen in this place.
 G = Mean time per level.
                   A        B        C        D        E       F      G
               +--------+--------+--------+--------+--------+-----+--------+
         Total |   3978 |   3755 |    223 |      0 |   2879 |   5 |  795.6 |
       Dungeon |   3978 |   3755 |    223 |      0 |   2879 |   5 |  795.6 |
               +--------+--------+--------+--------+--------+-----+--------+

Top non-repeatable levels by time:
     D:3: 1347 daAuts
     D:1: 985 daAuts
     D:2: 700 daAuts
     D:4: 676 daAuts
     D:5: 268 daAuts
